 Dungeon Crawl Stone Soup version 0.29.1-2-gbd0b4ee654 (webtiles) character file.

Game seed: 2306009684186720866

396 zeram the Covert (level 6, 0/41 HPs)
             Began as an Octopode Brigand on Nov 15, 2022.
             Was an Initiate of Gozag.
             Slain by an orc wizard
             ... wielding a +0 dagger
              (3 damage)
             ... on level 5 of the Dungeon on Nov 16, 2022.
             The game lasted 00:10:15 (3767 turns).

zeram the Covert (Octopode Brigand)                 Turns: 3767, Time: 00:10:15

Health: 0/41       AC:  1    Str: 11    XL:     6   Next: 83%
Magic:  6/6        EV: 13    Int: 15    God:    Gozag
Gold:   372        SH:  0    Dex: 13    Spells: 5/5 levels left

rFire   + . .      SeeInvis .   q - +2 dagger (freeze)
rCold   . . .      Faith    .   (no shield)
rNeg    . . .      Spirit   .   (helmet restricted)
rPois   .          Reflect  .   (no amulet)
rElec   .          Harm     .   f - ring of protection from fire
rCorr   .          Rampage  .   (no ring)
Will    .....                   (no ring)
Stlth   +++++.....              (no ring)
HPRegen 0.13/turn               (no ring)
MPRegen 0.10/turn               (no ring)
                                (no ring)
                                (no ring)

@: about to teleport, gold aura
A: almost no armour, amphibious, 8 rings, camouflage 1, gelatinous body 1,
(nimble swimmer 1), tentacles
a: Renounce Religion, Potion Petition, Call Merchant, Bribe Branch


You were on level 5 of the Dungeon.
You worshipped Gozag.
Gozag was aware of your devotion.
You visited 2 branches of the dungeon, and saw 6 of its levels.

You collected 406 gold pieces.
You paid 34 gold pieces to Gozag.

Inventory:

Hand Weapons
 a - a +2 dagger
 g - a +2 dagger of speed
 i - a +3 dagger of draining
 q - a +2 dagger of freezing (weapon)
Missiles
 b - 18 poisoned darts (quivered)
 c - 3 curare-tipped darts
 t - a throwing net
Jewellery
 f - a ring of protection from fire (left tentacle)
 p - a ring of see invisible
Scrolls
 h - 2 scrolls of immolation
 k - a scroll of butterflies {unknown}
 l - a scroll of teleportation
 m - a scroll of enchant armour
 n - 3 scrolls of amnesia
 o - a scroll of torment {unknown}
 u - a scroll of vulnerability {unknown}
 v - a scroll of summoning {unknown}
 w - a scroll of identify
Potions
 d - 2 potions of curing {unknown}
 e - 2 potions of invisibility {unknown}
 j - 4 potions of might
 r - a potion of heal wounds {unknown}
 s - a potion of flight {unknown}
 x - a potion of degeneration {unknown}
 z - a potion of mutation {unknown}


   Skills:
 + Level 2.9 Fighting
 + Level 3.5 Short Blades
 + Level 2.2 Throwing
 + Level 1.7 Dodging
 + Level 9.2 Stealth


You had 5 spell levels left.
You didn't know any spells.
Your spell library contained the following spells:

 Spells                   Type           Power      Damage    Failure   Level
 Necrotise                Necr           0%         1d4       26%         1
 Shock                    Conj/Air       0%         1d3       26%         1
 Vampiric Draining        Necr           0%         2d6       63%         3
 Anguish                  Hex/Necr       0%         N/A       95%         4
 Agony                    Necr           0%         N/A       100%        5
 Haunt                    Necr/Summ      0%         N/A       100%        7
 Borgnjor's Revivificati  Necr           0%         N/A       100%        8


Dungeon Overview and Level Annotations

Branches:
Dungeon (5/15)             Temple (1/1) D:4

Altars:
Ashenzari
Cheibriados
Dithmenos
Elyvilon
Fedhas
Gozag
Makhleb
Nemelex Xobeh
Okawaru
Qazlal
Ru
Sif Muna
Uskayaw
Yredelemnul
Zin
The Shining One

Annotations:
D:5 2 transporters


Innate Abilities, Weirdness & Mutations

You cannot wear most types of armour.
You are amphibious.
You can wear up to eight rings at the same time.
Your skin changes colour to match your surroundings (Stealth+).
Your rubbery body absorbs attacks. (AC +1, EV +1)
((You are camouflaged when in or above water. (Stealth+)))
You have tentacles for arms and can constrict up to eight enemies at once.


Message History

A hound is nearby!
A hound is nearby!
A hound is nearby!
An orc wizard and a scorpion come into view.
An ogre comes into view. It is wielding a +0 giant spiked club.
A necrophage comes into view.
The necrophage moves out of view.
The helpless hound fails to defend itself.
You perforate the hound like a sieve!!! You freeze the hound.
You kill the hound!
An orc comes into view. It is wielding a +0 flail.
The ogre shouts!
You hear a shout!
The orc wizard casts a spell at you. You resist with some effort.
The orc moves out of view.
You see here 9 gold pieces.
An ufetubus comes into view.
You hit the orc wizard. You freeze the orc wizard. You grab the orc wizard.
The orc wizard is moderately wounded.
You constrict the orc wizard, but do no damage.
The orc wizard casts a spell at you. The magic dart hits you.
You hit the orc wizard but do no damage.
The orc wizard is moderately wounded.
You constrict the orc wizard. The orc wizard closely misses you.
The ogre hits you with a +0 giant spiked club!!
Ouch! That really hurt!
* * * LOW HITPOINT WARNING * * *
A water moccasin comes into view.
You hear an angry growl.
You are too injured to fight recklessly!
You are too injured to fight recklessly!
You release your grip on the orc wizard.
You see here 9 gold pieces.
Unknown command.
As you read the scroll of teleportation, it crumbles to dust.
You feel strangely unstable.
A scorpion comes into view.
The orc wizard hits you with a +0 dagger.
You die...
Your body crumbles into a pile of gold.

......#..#
..#####..# .##
#..# .#
#..######### .#
#..........#
########.#######.#
.........# #.#
##########$ #.# #
#@# #o# #.....5nO#
#..###.s..# o....#
...#S.# $ .... ..#
#s..# .## .### .#


You could see a water moccasin, an ogre, a necrophage, 2 scorpions, an orc
wizard, an orc and an ufetubus.

Vanquished Creatures
  A black bear (D:4)
  A scorpion (D:4)
  A howler monkey (D:5)
  A hound (D:5)
  4 gnolls
  3 adders
  2 shadow imps
  An ufetubus (D:4)
  3 worms
  4 dart slugs
  3 orcs
  7 bats
  4 endoplasms
  2 giant cockroaches (D:1)
  7 goblins
  7 hobgoblins
  4 jackals (D:2)
  8 kobolds
  3 quokkas
  7 ball pythons
  3 frilled lizards
  A rat (D:1)
77 creatures vanquished.

Vanquished Creatures (others)
  15 plants (D:3)
15 creatures vanquished.

Grand Total: 92 creatures vanquished

Notes
Turn   | Place    | Note
-------+----------+-------------------------------------------
     0 | D:1      | zeram the Octopode Brigand began the quest for the Orb.
     0 | D:1      | Reached XP level 1. HP: 14/14 MP: 1/1
   231 | D:1      | Reached XP level 2. HP: 17/19 MP: 2/2
   388 | D:1      | Reached skill level 6 in Stealth
   468 | D:1      | Found a faded altar of an unknown god.
   660 | D:2      | Reached XP level 3. HP: 19/24 MP: 3/3
  1061 | D:2      | Identified the +0 cloak of Wesiwk {rPois rN+++ Regen+
                  | Dex-3}
  1239 | D:2      | Reached skill level 7 in Stealth
  1655 | D:3      | Reached XP level 4. HP: 29/29 MP: 4/4
  1713 | D:3      | Found an opulent altar of Gozag.
  1819 | D:3      | Became a worshipper of Gozag Ym Sagoz the Greedy
  1939 | D:3      | Found a blossoming altar of Fedhas.
  1983 | D:3      | Identified the +1 leather armour of the Devil's Team {rElec
                  | Will++ Regen+ Int-3}
  2679 | D:4      | Reached XP level 5. HP: 23/35 MP: 5/5
  3059 | D:4      | Found a stormy altar of Qazlal.
  3071 | D:4      | Noticed a black bear
  3078 | D:4      | Killed a black bear
  3079 | D:4      | Reached skill level 8 in Stealth
  3079 | D:4      | Reached XP level 6. HP: 37/41 MP: 6/6
  3158 | D:4      | Found a staircase to the Ecumenical Temple.
  3217 | Temple   | Entered the Ecumenical Temple
  3217 | Temple   | Found a transporter.
  3217 | Temple   | Found a transporter.
  3234 | Temple   | Found a transporter.
  3234 | Temple   | Found a transporter.
  3415 | D:4      | Got the Tome of Breezy Mortification
  3548 | D:5      | Entered Level 5 of the Dungeon
  3637 | D:5      | Reached skill level 9 in Stealth
  3652 | D:5      | Found a transporter.
  3667 | D:5      | Found a transporter.
  3765 | D:5      | Noticed a water moccasin
  3767 | D:5      | Slain by an orc wizard

Illustrated notes

Levels and vault maps discovered:
D:1:      dpeg_arrival_pits, layout_basic, hellmonk_ecumenical_altar_blasted
D:2:      layout_basic, serial_corexii_hall, chequers_hall_statues_corner_a,
          chequers_hall_statues_corner_a, chequers_serial_rivers_marsh,
          hangedman_decor_diamond_cutter
D:3:      layout_loops_cross, grunt_gozag_breadcrumbs, fedhas_altar_3,
          serial_bayou, serial_bayou_ford_a, serial_bayou_shore_b,
          serial_bayou_pond_a, serial_bayou_shore_b, serial_bayou_pond_a,
          serial_bayou_shore_b, kennysheep_decorative_pillar,
          minmay_misc_feat_x, kennysheep_potato
D:4:      layout_rooms, marbit_many_paths, nicolae_overflow_hidden_temple,
          minmay_temple_entry_hall, grunt_ministairs_12
D:5:      layout_basic, lemuel_tele_altar, gammafunk_ghost_abyssal_escape,
          minmay_bent, uniq_blork_the_orc
Temple:   hellmonk_temple_divided_pantheon

Skill      XL: |  1  2  3  4  5  6 |
---------------+-------------------+-----
Stealth        | 6 7 8 9 |  9.2
Short Blades   | 3 |  3.5
Fighting       | |  2.9
Throwing       | |  2.2
Dodging        | |  1.7

Action                   |  1- 3 |  4- 6 || total
-------------------------+-------+-------++-------
Melee: Dagger            |    59 |    70 ||   129
       Constrict         |    13 |    17 ||    30
       Tentacles         |     7 |    12 ||    19
       Punch             |       |     1 ||     1
  Use: Scroll            |     4 |     2 ||     6
 Stab: Sleeping          |    15 |    17 ||    32
Armor: Skin              |     5 |     2 ||     7
Dodge: Dodged            |    42 |    32 ||    74
